 Dungeon Crawl Stone Soup version 0.28.0-53-g5a82cb258f (webtiles) character file.

Game seed: 3565077490177458133

34 MilanorTSW the Sneak (level 3, -2/17 HPs)
             Began as a Spriggan Enchanter on June 15, 2022.
             Slain by an orc wizard
             ... wielding a +4 dagger of freezing
              (8 damage)
             ... on level 3 of the Dungeon.
             The game lasted 00:10:29 (2840 turns).

MilanorTSW the Sneak (Spriggan Enchanter)           Turns: 2840, Time: 00:10:30

Health: -2/17      AC:  2    Str:  6    XL:     3   Next: 14%
Magic:  1/8        EV: 17    Int: 16    God:
Gold:   122        SH:  0    Dex: 15    Spells: 6/8 levels left

rFire   . . .      SeeInvis +   l - +2 dagger (pain)
rCold   . . .      Faith    .   (no shield)
rNeg    . . .      Spirit   .   b - +0 robe
rPois   .          Reflect  .   (helmet restricted)
rElec   .          Harm     .   (no cloak)
rCorr   .          Rampage  .   (gloves unavailable)
Will    .....                   (boots unavailable)
Stlth   ++++......              (no amulet)
HPRegen 0.05/turn               m - ring "Zoefie" {Wiz Stlth+}
MPRegen 0.11/turn               (no ring)

@: very quick
A: very small, no large weapons, unfitting armour, see invisible, speed 3
a: no special abilities


You were on level 3 of the Dungeon.
You visited 1 branch of the dungeon, and saw 3 of its levels.

You collected 122 gold pieces.

Inventory:

Hand Weapons
 a - a +1 dagger
 k - a +0 dagger
 l - a +2 dagger of pain (weapon)
Missiles
 d - 79 stones
 f - 4 silver boomerangs
Armour
 b - a +0 robe (worn)
Jewellery
 m - the ring "Zoefie" (left hand) {Wiz Stlth+}
   (You found it on level 2 of the Dungeon)

   [ring of wizardry]

   It improves your spell success rate.
   Stlth:     It makes you more stealthy.
Scrolls
 e - a scroll of magic mapping {unknown}
 i - 2 scrolls of teleportation {unknown}
 n - a scroll of identify {unknown}
Potions
 c - a potion of invisibility
 g - 2 potions of attraction {unknown}
 h - a potion of magic {unknown}
 j - a potion of ambrosia {unknown}


   Skills:
 + Level 0.5 Fighting
 + Level 1.5 Short Blades
 + Level 3.1 Dodging
 + Level 4.7 Stealth
 + Level 3.0 Spellcasting
 + Level 3.9 Hexes
 + Level 0.2 Necromancy
 + Level 0.4 Ice Magic


You had 6 spell levels left.
You knew the following spells:

 Your Spells              Type           Power      Damage    Failure   Level
a - Ensorcelled Hibernat  Hex/Ice        18%        N/A       4%          2

Your spell library contained the following spells:

 Spells                   Type           Power      Damage    Failure   Level
 Confusing Touch          Hex            14%        N/A       4%          3
 Tukima's Dance           Hex            14%        N/A       4%          3
 Dazzling Flash           Conj/Hex       16%        N/A       11%         3


Dungeon Overview and Level Annotations

Branches:
Dungeon (3/15)

Altars:

Shops:
D:1 :

Annotations:
D:2 exclusion: downstairs


Innate Abilities, Weirdness & Mutations

You are very small and have problems with some larger weapons.
You are too small for most types of armour.
You have supernaturally acute eyesight. (SInv)
You cover ground extremely quickly. (Speed+++)


Message History

Magic restored.
There is an escape hatch in the floor here.
There is an escape hatch in the floor here.
You slide downwards.
The hatch slams shut behind you.
The orc throws a boomerang.
The boomerang closely misses you.
The orc looks drowsy...
The helpless orc fails to defend itself.
You impale the orc!!
You kill the orc!
The orc resists with significant effort.
The orc looks drowsy...
The helpless orc fails to defend itself.
You impale the orc!!
You kill the orc!
The orc wizard resists with some effort.
The orc wizard closely misses you.
You hit the orc wizard.
The orc wizard is lightly wounded.
The orc wizard hits you with a +4 dagger of freezing.
The orc wizard freezes you.
You hit the orc wizard.
The orc wizard is moderately wounded.
The orc wizard hits you with a +4 dagger of freezing.
The orc wizard freezes you.
You hit the orc wizard.
The orc wizard is heavily wounded.
The orc wizard misses you.
You hit the orc wizard but do no damage.
The orc wizard is heavily wounded.
The orc wizard hits you with a +4 dagger of freezing.
The orc wizard freezes you.
You hit the orc wizard.
The orc wizard is severely wounded.
The orc wizard barely misses you.
You closely miss the orc wizard.
The orc wizard is severely wounded.
You hit the orc wizard but do no damage.
The orc wizard is severely wounded.
The orc wizard hits you with a +4 dagger of freezing!
You die...

............##.##..# ...#
##...........##.###.######..##
#
##..#......÷...................
.
.......##<.####..###.###.......
...####...........##
#..##.###...
##........###.##### ###....#
... ....#####.###.## ##.....###
### ..#.### #......####..#####
#.....#######..o@.#.##
o......## #.###....###
........#####.###.##...#
.......o.oo...†)..####^.....
....<...o####..#### #####
............##...#
....................
........######....... ........#
##......


You could see an orc wizard.

Vanquished Creatures
  An adder (D:3)
  2 orcs (D:3)
  A giant cockroach (D:2)
  2 goblins (D:2)
  3 hobgoblins
  3 jackals (D:1)
  A quokka (D:1)
  3 ball pythons
  A frilled lizard (D:2)
  2 kobolds (D:2)
  4 rats
23 creatures vanquished.

Notes
Turn   | Place    | Note
-------+----------+-------------------------------------------
     0 | D:1      | MilanorTSW the Spriggan Enchanter began the quest for the
                  | Orb.
     0 | D:1      | Reached XP level 1. HP: 9/9 MP: 5/5
    78 | D:1      | Found Kishec's Book Shoppe.
  1343 | D:1      | Reached XP level 2. HP: 14/14 MP: 6/6
  1346 | D:1      | Learned a level 2 spell: Ensorcelled Hibernation
  1813 | D:2      | Found a faded altar of an unknown god.
  2135 | D:2      | Identified the ring "Zoefie" {Wiz Stlth+}
  2603 | D:3      | Reached XP level 3. HP: 17/17 MP: 2/8
  2840 | D:3      | Slain by an orc wizard

Illustrated notes

Levels and vault maps discovered:
D:1:      dpeg_arrival_stone_temple_mockup, layout_basic, serial_shops, shop,
          serial_bayou, serial_bayou_pond_a, serial_bayou_lagoon_a,
          serial_bayou_shore_a, serial_bayou_shore_b, serial_bayou_shore_b
D:2:      layout_basic, chequers_ecumenical_altar_island
D:3:      layout_rooms

Skill      XL: |  1  2 |
---------------+-------+-----
Dodging        | 3 |  3.1
Spellcasting   | 3 |  3.0
Fighting       | |  0.5
Short Blades   | |  1.5
Stealth        | |  4.7
Hexes          | |  3.9
Necromancy     | |  0.2
Ice Magic      | |  0.4

Action                   || total
-------------------------++-------
Melee: Dagger            ||    77
Throw: Stone             ||     6
 Cast: Ensorcelled Hiber ||    28
 Stab: Distracted        ||     1
       Sleeping          ||    16
Armor: Robe              ||     4
Dodge: Dodged            ||    67
